Map: Orbital Shipyard

Players

IIIIIIIIIIII

  • Race: Zerg Zerg
  • League: Platinum

MorN

  • Race: Zerg Zerg
  • League: Platinum

BiGBuLLY

  • Race: Zerg Zerg

IamDrizzt

  • Race: Zerg Zerg
  • League: Platinum

VOD

Have the link to the VOD?

Description

Time

  • Played on: Nov. 9, 2015, 10:52 p.m.
  • Length: 8:47
Show
View Real Time Build Order
Export as new Build Order

IIIIIIIIIIII Zerg 

Build Orders: Pool First 

Get SALT Encoding   

  12  0:01  Drone  
  13  0:08  Drone  
  14  0:17  Overlord  
  14  0:35  Drone x3  
  17  0:46  Drone, Spawning Pool  
  17  0:51  Extractor  
  17  0:57  Drone  
  17  1:08  Drone  
  18  1:19  Drone  
  19  1:26  Hatchery  
  19  1:29  Drone  
  19  1:37  Queen  
  21  1:44  Overlord  
  21  1:51  Drone  
  22  1:55  Metabolic Boost  
  22  2:05  Drone  
  23  2:14  Drone  
  24  2:22  Queen  
  26  2:25  Zergling x2  
  27  2:35  Zergling x2  
  28  2:40  Zergling x2  
  29  2:46  Zergling x2  
  29  2:48  Zergling x6  
  33  2:52  Overlord  
  33  2:58  Overlord  
  33  3:01  Zergling x2  
  34  3:11  Zergling x2  
  35  3:14  Zergling x2  
  35  3:20  Drone  
  35  3:21  Roach Warren  
  35  3:23  Drone x3  
  35  3:25  Drone  
  39  3:29  Drone x2  
  41  3:34  Drone  
  41  3:38  Drone x2  
  44  3:43  Overlord  
  44  3:48  Overlord  
  44  3:53  Overlord  
  44  3:58  Evolution Chamber  
  44  4:01  Roach x2  
  44  4:02  Roach x3  
  52  4:07  Overlord  
  51  4:13  Roach  
  51  4:14  Roach  
  55  4:23  Roach  
  56  4:24  Drone x2  
  56  4:25  Queen  
  55  4:37  Drone x2  
  57  4:41  Roach  
  59  4:45  Roach  
  59  4:52  Roach  
  53  4:56  Roach  
  54  5:04  Zergling x2  
  52  5:09  Roach  
  52  5:13  Roach  
  52  5:15  Overlord  
  52  5:21  Roach  
  52  5:24  Overlord  
  50  5:37  Overlord  
  50  5:39  Drone x2  
  50  5:40  Extractor  
  50  5:41  Drone x2, Extractor  
  52  5:43  Extractor  
  52  5:44  Drone  
  52  5:48  Drone  
  53  5:50  Drone x3  
  53  5:55  Hatchery, Lair  
  53  5:56  Drone  
  56  5:59  Drone  
  57  6:08  Drone  
  57  6:10  Drone  
  59  6:15  Overlord  
  59  6:16  Drone x2  
  59  6:17  Drone  
  62  6:19  Drone x3  
  62  6:23  Zerg Missile Weapons Level 1  
  65  6:26  Overlord  
  65  6:29  Evolution Chamber  
  64  6:33  Overlord  
  64  6:36  Overlord  
  64  6:43  Overlord  
  64  6:45  Roach  
  64  6:46  Roach x3  
  72  6:52  Glial Reconstitution  
  72  6:53  Overseer  
  72  6:54  Roach x3  
  78  7:01  Roach  
  78  7:04  Roach  
  78  7:07  Overlord  
  82  7:09  Queen  
  82  7:13  Roach  
  86  7:18  Roach x2  
  90  7:25  Roach x3  
  90  7:28  Roach  
  98  7:32  Overlord  
  98  7:34  Roach  
  98  7:35  Roach  
  102  7:40  Roach x2  
  106  7:46  Overlord  
  106  7:53  Roach x4  
  106  7:54  Roach  
  106  7:57  Roach  
  118  8:01  Roach x2  
  118  8:06  Roach x2  
  118  8:09  Roach  
  118  8:11  Roach  
  124  8:16  Drone x2  
  124  8:17  Drone  
  127  8:24  Drone x4  
  131  8:27  Drone x2  
Show
View Real Time Build Order
Export as new Build Order

MorN Zerg 

Build Orders: Hatch First, Zergling Baneling 

Get SALT Encoding   

  12  0:01  Drone  
  13  0:13  Overlord  
  13  0:18  Drone  
  14  0:31  Drone  
  14  0:32  Drone  
  14  0:35  Drone  
  17  0:56  Hatchery  
  16  1:01  Extractor  
  15  1:11  Spawning Pool  
  15  1:15  Drone x2  
  16  1:19  Drone  
  17  1:30  Overlord  
  17  2:00  Zergling x6  
  20  2:01  Queen  
  20  2:06  Metabolic Boost  
  20  2:08  Queen  
  22  2:14  Zergling x2  
  26  2:22  Zergling x2  
  26  2:23  Zergling x2  
  27  2:31  Baneling Nest  
  27  2:33  Zergling x2  
  27  2:38  Zergling x4  
  29  2:48  Overlord  
  29  2:49  Zergling x2  
  30  2:57  Zergling x2  
  30  2:58  Zergling x2  
  32  3:06  Zergling x4  
  32  3:10  Zergling x2  
  35  3:14  Zergling x2  
  35  3:15  Zergling x2  
  35  3:19  Zergling x2  
  35  3:24  Zergling x2  
  35  3:26  Baneling x2  
  36  3:32  Zergling x2  
  37  3:50  Zergling x10  
  42  4:00  Zergling x4  
  44  4:13  Overlord  
  44  4:22  Baneling x7  
  41  4:26  Zergling x2  
  41  4:27  Zergling x4  
  42  4:32  Baneling  
  42  4:35  Zergling x2  
  43  4:45  Zergling x6  
  39  4:48  Drone  
  37  4:54  Zergling x2  
  37  4:55  Zergling x2  
  37  4:58  Drone  
  39  5:02  Drone  
  36  5:13  Drone x3  
  36  5:18  Baneling x2  
  36  5:21  Drone  
  34  5:32  Drone x4  
  37  5:41  Drone x3  
  37  5:42  Drone  
  41  5:44  Drone  
  42  5:51  Drone  
  42  5:52  Drone  
  43  5:59  Roach Warren  
  43  6:02  Drone x2  
  44  6:08  Drone x3  
  44  6:09  Drone  
  48  6:15  Lair  
  48  6:17  Drone  
  49  6:18  Drone  
  50  6:33  Hatchery  
  50  6:36  Extractor  
  50  6:37  Evolution Chamber, Extractor  
  46  6:43  Drone x5  
  51  6:48  Overlord x2  
  51  6:56  Overlord  
  51  7:07  Drone x2  
  51  7:08  Drone x4  
  57  7:09  Drone  
  57  7:12  Glial Reconstitution  
  57  7:15  Overseer  
  58  7:19  Queen  
  60  7:28  Drone x5  
  60  7:29  Drone  
  66  7:36  Overlord  
  68  7:37  Roach  
  68  7:38  Roach  
  68  7:41  Roach  
  68  7:42  Roach  
  74  7:46  Roach  
  74  7:47  Roach  
  74  7:49  Roach  
  80  7:52  Roach  
  80  7:56  Spine Crawler  
  80  7:57  Roach  
  83  8:00  Roach x2  
  83  8:03  Roach  
  83  8:06  Roach  
  83  8:08  Roach  
  83  8:11  Roach  
  84  8:13  Roach  
  84  8:17  Roach  
  84  8:19  Roach  
  90  8:21  Overlord  
Show
View Real Time Build Order
Export as new Build Order

BiGBuLLY Zerg 

Build Orders:  

Get SALT Encoding   

Show
View Real Time Build Order
Export as new Build Order

IamDrizzt Zerg 

Build Orders:  

Get SALT Encoding   

Tags
 
Add a new tag
Caveats
  • Supply blocks, unpowered buildings, or Contaminate may cause inaccurate times.
  • Supply counts are checked every 10 seconds.